 Dungeon Crawl Stone Soup version 0.28-a0-909-g796cbd3a86 (webtiles) character file.

Game seed: 15499492373002346557

1517 Htamos the Conjurer (level 8, -6/48 HPs)
             Began as a Deep Elf Conjurer on Nov 25, 2021.
             Was an Initiate of Vehumet.
             Mangled by a yak (8 damage)
             ... on level 6 of the Dungeon.
             The game lasted 00:16:27 (8755 turns).

Htamos the Conjurer (Deep Elf Conjurer)             Turns: 8755, Time: 00:16:29

Health: -6/48      AC:  7    Str:  4      XL:     8   Next: 54%
Magic:  19/19      EV: 12    Int: 25 (26) God:    Vehumet [......]
Gold:   356        SH:  0    Dex: 13      Spells: 9/19 levels left

rFire   . . .      SeeInvis .   b - +1 dagger (venom)
rCold   . . .      Faith    .   (no shield)
rNeg    . . .      Spirit   .   g - +0 leather armour
rPois   .          Reflect  .   (no helmet)
rElec   .          Harm     .   (no cloak)
rCorr   .          Rampage  .   H - +0 pair of gloves
Will    .....                   J - +2 pair of boots {Stlth+}
Stlth   +++.......              (no amulet)
HPRegen 0.16/turn               (no ring)
MPRegen 0.16/turn               (no ring)

@: no status effects
A: no striking features
a: Renounce Religion


You were on level 6 of the Dungeon.
You worshipped Vehumet.
Vehumet was noncommittal.
You visited 2 branches of the dungeon, and saw 8 of its levels.

You collected 519 gold pieces.
You spent 163 gold pieces at shops.

Inventory:

Hand Weapons
 b - a +1 dagger of venom (weapon)
 d - a +0 hunting sling
 j - a +0 whip
 y - a +0 quarterstaff
 A - the +6 hunting sling of Brutal Revenge {vorpal, rC+ Dex+3}
   (You found it on level 5 of the Dungeon)

   Any ammunition fired from it inflicts extra damage upon your enemies.
   Dex:       It affects your dexterity (+3).
   rC:        It protects you from cold.
 C - a +0 longbow
 D - a +0 shortbow
Missiles
 c - 150 stones
 m - 84 arrows
 v - 21 poisoned darts
 E - a throwing net
 F - an atropa-tipped dart
Armour
 a - a +0 robe
 g - a +0 leather armour (worn)
 p - a +0 scale mail
 q - a +0 ring mail
 H - a +0 pair of gloves (worn)
 I - +0 fire dragon scales
 J - a +2 pair of boots of stealth (worn)
Magical Staves
 n - a staff of death
Jewellery
 h - an amulet of the acrobat
 z - an amulet of reflection
 G - a ring of flight
Wands
 k - a wand of digging (4)
 t - a wand of flame (10)
 w - a wand of paralysis (11)
Scrolls
 e - a scroll of amnesia
 f - a scroll of enchant weapon
 s - a scroll of enchant armour {unknown}
 u - a scroll of fear {unknown}
 x - 3 scrolls of immolation
 B - a scroll of vulnerability {unknown}
 L - a scroll of teleportation {unknown}
Potions
 i - a potion of resistance
 o - 9 potions of curing {@qc}
 r - a potion of brilliance
 K - 2 potions of magic {unknown}


   Skills:
 * Level 4.8 Fighting
 + Level 2.7 Bows
 + Level 5.6 Dodging
 - Level 2.7 Stealth
 + Level 6.4 Spellcasting
 + Level 6.4 Conjurations
 + Level 4.1 Summonings


You had 9 spell levels left.
You knew the following spells:

 Your Spells              Type           Power      Damage    Failure   Level
a - Magic Dart            Conj           100%       1d8       1%          1
b - Summon Small Mammal   Summ           100%       N/A       2%          1
c - Fulminant Prism       Conj/Hex       12%        3d9       32%         4
d - Iskenderun's Mystic   Conj/Tloc      24%        2d7       32%         4

Your spell library contained the following spells:

 Spells                   Type           Power      Damage    Failure   Level
 Searing Ray              Conj           80%        2d7       1%          2
 Call Canine Familiar     Summ           28%        N/A       7%          3
 Dazzling Flash           Conj/Hex       48%        N/A       10%         3
 Animate Skeleton         Necr           16%        N/A       13%         1
 Apportation              Tloc           16%        N/A       13%         1
 Freeze                   Ice            32%        1d5       13%         1
 Scorch                   Fire           16%        2d5       19%         2
 Flame Wave               Conj/Fire      24%        3d6       32%         4
 Hailstorm                Conj/Ice       24%        3d7       32%         4
 Frozen Ramparts          Ice            16%        1d3       36%         3
 Portal Projectile        Hex/Tloc       16%        N/A       36%         3
 Leda's Liquefaction      Hex/Erth       4%         N/A       77%         4
 Summon Cactus Giant      Summ           14%        N/A       98%         6


Dungeon Overview and Level Annotations

Branches:
Dungeon (7/15)             Temple (1/1) D:4

Altars:
Ashenzari
Cheibriados
Dithmenos
Elyvilon
Fedhas
Gozag
Hepliaklqana
Kikubaaqudgha
Makhleb
Nemelex Xobeh
Okawaru
Qazlal
Ru
Sif Muna
Trog
Vehumet
Wu Jian
Xom
Zin

Shops:
D:3 *   D:5 (

Annotations:
D:3 Jessica
D:4 exclusion: door, Pikel


Message History

There is a stone staircase leading down here.
You climb downwards.
The yak bellows! x6
Found 10 gold pieces.
There is a stone staircase leading up here.
There are monsters nearby!
The yak gores you! The yak misses you. The yak gores you.
You climb upwards.
There is a stone staircase leading down here.
As you read the scroll labelled HAVVEKLATIKKA, it crumbles to dust.
It is a scroll of enchant weapon.
Your +0 dagger of venom glows red for a moment.
The yak gores you!
* * * LOW HITPOINT WARNING * * *
The yak misses you. The yak gores you.
* * * LOW HITPOINT WARNING * * *
Unknown command.
Okay, then.
As you read the scroll labelled UZIGEL QEENN, it crumbles to dust.
It is a scroll of amnesia.
Really abort (and waste the scroll)?
Okay, then.
The yak gores you.
* * * LOW HITPOINT WARNING * * *
The yak closely misses you. The yak gores you.
* * * LOW HITPOINT WARNING * * *
Unknown command.
You feel much better. The yak gores you!
* * * LOW HITPOINT WARNING * * *
The yak gores you.
* * * LOW HITPOINT WARNING * * *
The yak gores you but does no damage.
As you read the scroll labelled PIDIRA ZAFU, it crumbles to dust.
The creatures around you are filled with an inner flame!
It was a scroll of immolation.
The yak gores you!
* * * LOW HITPOINT WARNING * * *
The yak gores you!
* * * LOW HITPOINT WARNING * * *
The yak gores you!
You die...

#............###.############.#.#
#.....≈.......................#.#
##.._.≈..##..###.############.#.#
#..§.≈..##..# #.# #.#.#
#.≈§§≈..##..###.# #.#.#
#...§...##...##.# #.#.#
#.......##...##.# #.#..
#..#######)..##Y############.###
#..#######...YY@Y...............
#...........#############.......
#...........# #.......
#.#...####### ######.. #....##
##.##### #.#### ##§#o##.' #.#
#Z#####.# #.# #F#_...#
#.##################### ###.8.##


You could see 4 yaks.

Vanquished Creatures
  2 water moccasins (D:6)
  2 phantoms
  A lemure (D:4)
  A bullfrog (D:6)
  A kobold brigand (D:4)
  A gnoll sergeant (D:6)
  6 scorpions
  2 water moccasin zombies
  A hound (D:4)
  2 jellies
  2 bullfrog skeletons (D:5)
  A gnoll shaman (D:4)
  Ijyb (D:5)
  5 iguanas
  A hound zombie (D:5)
  3 gnolls (D:6)
  4 adders
  A white imp (D:6)
  An adder zombie (D:5)
  3 dart slugs
  2 orcs (D:4)
  4 bats
  8 endoplasms
  8 giant cockroaches
  7 goblins
  8 hobgoblins
  5 jackals
  7 kobolds
  2 quokkas
  3 training dummies (D:5)
  4 ball pythons
  5 frilled lizards
  3 rats (D:1)
107 creatures vanquished.

Vanquished Creatures (collateral kills)
  An orc (D:4)
1 creature vanquished.

Vanquished Creatures (others)
  2 fulminant prisms
2 creatures vanquished.

Grand Total: 110 creatures vanquished

Notes
Turn   | Place    | Note
-------+----------+-------------------------------------------
     0 | D:1      | Htamos the Deep Elf Conjurer began the quest for the Orb.
     0 | D:1      | Reached XP level 1. HP: 10/10 MP: 6/6
   366 | D:1      | Reached XP level 2. HP: 15/15 MP: 5/8
  1009 | D:2      | Reached XP level 3. HP: 20/20 MP: 4/9
  1061 | D:2      | Reached skill level 1 in Fighting
  1146 | D:2      | Learned a level 1 spell: Summon Small Mammal
  2276 | D:3      | Reached XP level 4. HP: 9/25 MP: 3/11
  2581 | D:3      | Found Joihoenoo's Assorted Antiques.
  2589 | D:3      | Bought a viscous white potion for 28 gold pieces
  2589 | D:3      | Bought a scroll labelled HAVVEKLATIKKA for 32 gold pieces
  2589 | D:3      | Bought a white potion for 28 gold pieces
  2665 | D:3      | Noticed Jessica
  2896 | D:3      | Found a faded altar of an unknown god.
  3208 | D:3      | Found an ancient bone altar of Kikubaaqudgha.
  3209 | D:3      | Found a glowing silver altar of Zin.
  3209 | D:3      | Found a white marble altar of Elyvilon.
  3212 | D:3      | Found a bloodstained altar of Trog.
  3214 | D:3      | Found a stormy altar of Qazlal.
  3411 | D:4      | Learned a level 4 spell: Fulminant Prism
  3416 | D:4      | Learned a level 4 spell: Iskenderun's Mystic Blast
  3455 | D:4      | Noticed a phantom
  3486 | D:4      | Noticed a scorpion
  3492 | D:4      | Killed a scorpion
  3493 | D:4      | Reached skill level 5 in Conjurations
  3493 | D:4      | Reached skill level 1 in Summonings
  3493 | D:4      | Reached XP level 5. HP: 27/30 MP: 6/13
  3585 | D:4      | Found a sacrificial altar of Ru.
  3865 | D:4      | Reached XP level 6. HP: 23/36 MP: 6/14
  4460 | D:4      | Found a staircase to the Ecumenical Temple.
  4468 | Temple   | Entered the Ecumenical Temple
  4701 | Temple   | Became a worshipper of Vehumet
  5124 | D:4      | Noticed Pikel
  5250 | D:4      | Reached skill level 5 in Spellcasting
  5250 | D:4      | Reached XP level 7. HP: 28/41 MP: 9/16
  5505 | D:5      | Entered Level 5 of the Dungeon
  5820 | D:5      | Identified the +6 hunting sling of Brutal Revenge {vorpal,
                  | rC+ Dex+3}
  6226 | D:5      | Found Uluoru's Firing Range.
  6232 | D:5      | Bought a +0 longbow for 45 gold pieces
  6232 | D:5      | Bought a +0 shortbow for 30 gold pieces
  6368 | D:5      | Noticed Ijyb
  6808 | D:5      | Killed Ijyb
  6809 | D:5      | Reached skill level 5 in Dodging
  6981 | D:6      | Found a hazy altar of Hepliaklqana.
  6982 | D:6      | Found a shimmering altar of Xom.
  6983 | D:6      | Noticed a spectral ugly thing
  7049 | D:6      | Reached skill level 1 in Bows
  7107 | D:6      | Identified a scroll of acquirement
  7108 | D:6      | Acquired a +2 pair of boots of stealth
  7240 | D:6      | Reached XP level 8. HP: 48/48 MP: 5/18
  7588 | D:6      | Found a shadowy altar of Dithmenos.
  8118 | D:6      | Found an iron altar of Okawaru.
  8755 | D:6      | HP: 2/48 [yak (8)]
  8755 | D:6      | Mangled by a yak

Illustrated notes

Levels and vault maps discovered:
D:1:      dpeg_arrival_connections, layout_basic
D:2:      layout_basic, chequers_serial_rivers_marsh, minmay_worlds_worst_comb
D:3:      layout_loops_ring, minitemple, serial_shops, nicolae_square_shop,
          shapermc_ecumenical_altar_totnotflames, uniq_jessica
D:4:      minmay_polygon_palace, layout_basic,
          mainiacjoe_overflow_small_starburst, minmay_temple_entry_statues,
          uniq_pikel
D:5:      layout_basic, nicolae_shop_firing_range, uniq_ijyb
D:6:      layout_basic, regret_index_temple_of_mockery,
          nicolae_dithmenos_shadow_blocks, mainiacjoe_overflow_chevrons,
          hangedman_abyss_or_decor_passed, hex_large, roderic_lattice_a,
          roderic_roman_lattice
D:7:      nzn_winding_woodlands_cross [nzn_winding_woodlands_5x15_parted,
          nzn_winding_woodlands_5x15_sawtooth,
          nzn_winding_woodlands_5x15_pockets,
          nzn_winding_woodlands_5x15_longhouse,
          nzn_winding_woodlands_15x15_boxy_spiral], layout_basic,
          feat_on_display, uniq_duvessa
Temple:   compressed_dpeg_triangle_lava_temple

Skill      XL: |  1  2  3  4  5  6  7  8 |
---------------+-------------------------+-----
Fighting       | 1 2 3 4 |  4.8
Dodging        | 3 4 5 |  5.6
Spellcasting   | 4 5 6 |  6.4
Conjurations   | 5 6 |  6.4
Summonings     | 1 2 3 4 |  4.1
Bows           | 1 2 |  2.7
Stealth        | |  2.7

Action                   |  1- 3 |  4- 6 |  7- 9 || total
-------------------------+-------+-------+-------++-------
Melee: Whip              |       |     4 |     5 ||     9
       Dagger            |       |       |    37 ||    37
 Cast: Magic Dart        |    78 |    81 |   168 ||   327
       Summon Small Mamm |       |     9 |     3 ||    12
       Fulminant Prism   |       |       |     2 ||     2
Evoke: Wand              |       |    10 |       ||    10
  Use: Scroll            |       |     5 |     7 ||    12
       Potion            |       |       |     8 ||     8
 Stab: Invisible         |       |       |     1 ||     1
Armor: Leather armour    |       |     5 |    27 ||    32
Dodge: Dodged            |     3 |     8 |    66 ||    77

Table legend: (Time is in decaauts)
 A = Elapsed time spent in this place.
 B = Non-inter-level travel time spent in this place.
 C = Inter-level travel time spent in this place.
 D = Time resting spent in this place.
 E = Time spent auto-exploring this place.
 F = Levels seen in this place.
 G = Mean time per level.
                   A        B        C        D        E       F      G
               +--------+--------+--------+--------+--------+-----+--------+
         Total |   8770 |   8329 |    441 |    463 |   6912 |   8 | 1096.2 |
       Dungeon |   8521 |   8115 |    406 |    463 |   6709 |   7 | 1217.3 |
        Temple |    248 |    213 |     35 |      0 |    203 |   1 |  248.0 |
               +--------+--------+--------+--------+--------+-----+--------+

Top non-repeatable levels by time:
     D:4: 1844 daAuts
     D:6: 1709 daAuts
     D:5: 1447 daAuts
     D:3: 1293 daAuts
     D:2: 1244 daAuts
     D:1: 980 daAuts
  Temple: 248 daAuts
     D:7: 1 daAuts
